 Dungeon Sprint DCSS version 0.26-a0-665-gefeb406119 (webtiles) character file.

Game seed: 15123614348180517156

625 jesuscristo the Fighter (level 7, -12/127 HPs)
             Began as an Ogre Berserker on Oct 14, 2020.
             Was a Priest of Trog.
             Mangled by Sonja
             ... wielding a +2 short sword of distortion
              (23 damage)
             ... in the Dungeon (Sprint I: "Red Sonja").
             The game lasted 00:02:32 (924 turns).

jesuscristo the Fighter (Ogre Berserker)             Turns: 924, Time: 00:02:32

Health: -12/127    AC:  3    Str: 24    XL:     7   Next: 47%
Magic:  7/7        EV: 13    Int:  8    God:    Trog [***...]
Gold:   351        SH:  0    Dex:  8    Spells: 6/6 levels left

rFire    . . .     SeeInvis .   j - +0 giant club
rCold    . . .     Faith    .   (shield currently unavailable)
rNeg     + . .     Spirit   .   b - +0 animal skin
rPois    .         Reflect  .   (helmet restricted)
rElec    .         Harm     .   (no cloak)
rCorr    .         Rampage  .   (gloves unavailable)
MR       .....     NoTele   +   (boots unavailable)
Stlth    ..........             (no amulet)
HPRegen  0.31/turn              a - ring of positive energy
MPRegen  0.10/turn              (no ring)

@: berserking (expiring), very quick
A: large, unfitting armour, tough skin 1
a: Berserk, Trog's Hand, Renounce Religion


You were in the Dungeon.
You worshipped Trog.
Trog was most pleased with you.
You visited 1 branch You collected 351 gold pieces.

Inventory:

Hand Weapons
 j - a +0 giant club (weapon)
Armour
 b - a +0 animal skin (worn)
Jewellery
 a - a ring of positive energy (left hand)
Wands
 i - a wand of digging (5)
Scrolls
 h - a scroll of blinking
Potions
 d - a potion of heal wounds
 e - a potion of haste
 f - 2 potions of magic
 g - a potion of berserk rage


   Skills:
 - Level 10.0 Fighting
 * Level 9.2 Maces & Flails
 - Level 10.0 Dodging


You had 6 spell levels left.
You didn't know any spells.
Your spell library was empty.

Dungeon Overview and Level Annotations

Branches:
Dungeon (1/1)

Altars:
Cheibriados
Dithmenos
Elyvilon
Fedhas
Gozag
Hepliaklqana
Kikubaaqudgha
Makhleb
Nemelex Xobeh
Okawaru
Qazlal
Ru
Sif Muna
Trog
Uskayaw
Vehumet
Wu Jian
Xom
Yredelemnul
Zin
The Shining One
Jiyva
Lugonu

Shops:
D [

Annotations:
D Sonja


Innate Abilities, Weirdness & Mutations

You are too large for most types of armour.
You have tough skin. (AC +1)


Message History

* * * LOW HITPOINT WARNING * * *
Space bends around you.
* * * LOW HITPOINT WARNING * * *
Sonja hits you with a +2 short sword of distortion.
* * * LOW HITPOINT WARNING * * *
Space bends around you.
* * * LOW HITPOINT WARNING * * *
Sonja hits you but does no damage.
You miss Sonja.
Sonja hits you with a +2 short sword of distortion.
* * * LOW HITPOINT WARNING * * *
Sonja closely misses you. x2
Unknown command.
Press < or > to pray at altars.
You sock Sonja!
Sonja is moderately wounded.
Sonja hits you with a +2 short sword of distortion!
* * * LOW HITPOINT WARNING * * *
Space warps horribly around you!!
You die...

###################
#<.#..)..#.)'..#__#
#..)..#..'..#..'^.+
#..#####'#####'#__#
#..####..#...#.# ##
#..#__####..##(#
#..#_____##'#_.+
#⌠⌠#_.∩...'.K._#
##.#_..__##@.#+#
#..#_____###'#
########## .# .$
.$# .## +#


You could see Sonja.

Vanquished Creatures
  A slime creature (D)
  A yak (D)
  Sigmund (D)
  An ogre (D)
  A jelly (D)
  Ijyb (D)
6 creatures vanquished.

Vanquished Creatures (others)
  A gargoyle (D)
1 creature vanquished.

Grand Total: 7 creatures vanquished

Notes
Turn   | Place    | Note
-------+----------+-------------------------------------------
     0 | D        | jesuscristo the Ogre Berserker began the quest for the Orb.
     0 | D        | Reached XP level 1. HP: 24/24 MP: 1/1
     1 | D        | Noticed Ijyb
     5 | D        | Killed Ijyb
     5 | D        | Reached XP level 2. HP: 36/36 MP: 2/2
     5 | D        | Reached XP level 3. HP: 44/44 MP: 3/3
    35 | D        | Noticed an ogre
    42 | D        | Killed an ogre
    42 | D        | Reached skill level 5 in Dodging
    42 | D        | Reached XP level 4. HP: 14/58 MP: 4/4
   296 | D        | Noticed Sigmund
   319 | D        | Killed Sigmund
   319 | D        | Reached ** piety under Trog
   319 | D        | Reached skill level 10 in Fighting
   319 | D        | Reached XP level 5. HP: 5/68 MP: 5/5
   319 | D        | Reached XP level 6. HP: 6/78 MP: 6/6
   634 | D        | Found an ornate altar of the Wu Jian Council.
   634 | D        | Found a shimmering blue altar of Sif Muna.
   636 | D        | Found a radiant altar of Vehumet.
   665 | D        | Killed a gargoyle
   688 | D        | Found a burning altar of Makhleb.
   688 | D        | Found a viscous altar of Jiyva.
   688 | D        | Found a shimmering altar of Xom.
   688 | D        | Found a corrupted altar of Lugonu.
   688 | D        | Noticed a slime creature
   693 | D        | Killed a slime creature
   693 | D        | Reached XP level 7. HP: 85/85 MP: 7/7
   788 | D        | Found Ungorisch's Armour Emporium.
   788 | D        | Found an ancient bone altar of Kikubaaqudgha.
   788 | D        | Found a hazy altar of Hepliaklqana.
   788 | D        | Found a stormy altar of Qazlal.
   788 | D        | Found a hide-covered altar of Uskayaw.
   788 | D        | Found a blossoming altar of Fedhas.
   788 | D        | Found a bloodstained altar of Trog.
   788 | D        | Found an iron altar of Okawaru.
   788 | D        | Found a basalt altar of Yredelemnul.
   788 | D        | Found a glowing golden altar of the Shining One.
   788 | D        | Found a snail-covered altar of Cheibriados.
   788 | D        | Found a sacrificial altar of Ru.
   788 | D        | Found a glowing silver altar of Zin.
   788 | D        | Found a shadowy altar of Dithmenos.
   788 | D        | Found a white marble altar of Elyvilon.
   788 | D        | Noticed a yak
   792 | D        | Killed a yak
   792 | D        | Reached *** piety under Trog
   792 | D        | Reached skill level 10 in Dodging
   797 | D        | Found an opulent altar of Gozag.
   855 | D        | Found a sparkling altar of Nemelex Xobeh.
   915 | D        | Noticed Sonja
   924 | D        | Mangled by Sonja

Illustrated notes

Levels and vault maps discovered:
D:        dungeon_sprint_1 [red_sonja_temple_1, red_sonja_temple_small_1]

Skill      XL: |  1  2  3  4  5  6  7 |
---------------+----------------------+-----
Fighting       | 6 8 10 | 10.0
Maces & Flails | 3 4 6 8 9 |  9.2
Dodging        | 4 5 7 9 10 | 10.0

Action                   |  1- 3 |  4- 6 |  7- 9 || total
-------------------------+-------+-------+-------++-------
Melee: Mace              |     9 |       |       ||     9
       Giant club        |       |    25 |    11 ||    36
Invok: Berserk           |     2 |     3 |     2 ||     7
Evoke: Wand              |       |       |     1 ||     1
  Use: Potion            |       |     1 |       ||     1
Armor: Animal skin       |       |     2 |     1 ||     3
Dodge: Dodged            |       |     1 |    15 ||    16

Table legend: (Time is in decaauts)
 A = Elapsed time spent in this place.
 B = Non-inter-level travel time spent in this place.
 C = Inter-level travel time spent in this place.
 D = Time resting spent in this place.
 E = Time spent auto-exploring this place.
 F = Levels seen in this place.
 G = Mean time per level.
                   A        B        C        D        E       F      G
               +--------+--------+--------+--------+--------+-----+--------+
         Total |    976 |    930 |     46 |    797 |      0 |   1 |  976.0 |
       Dungeon |    976 |    930 |     46 |    797 |      0 |   1 |  976.0 |
               +--------+--------+--------+--------+--------+-----+--------+

Top non-repeatable levels by time:
       D: 976 daAuts
